 Dungeon Sprint DCSS version 0.28.0-43-g3370ac3207 (webtiles) character file.

Game seed: 16552699161452422785

5009 boopmooplesden the Cleaver (level 10, -5/96 HPs)
             Began as a Minotaur Fighter on Mar 14, 2022.
             Was the Champion of Trog.
             Slain by a spriggan
             ... wielding a +0 rapier
              (15 damage)
             ... in the Dungeon (Sprint IV: "Fedhas' Mad Dash").
             The game lasted 00:04:52 (3323 turns).

boopmooplesden the Cleaver (Minotaur Fighter)       Turns: 3323, Time: 00:04:53

Health: -5/96      AC:  9    Str: 22    XL:     10   Next: 29%
Magic:  9/9        EV: 11    Int: 11    God:    Trog [******]
Gold:   117        SH:  0    Dex: 15    Spells: 9/9 levels left

rFire   . . .      SeeInvis .   i - +5 scythe "Finisher" {speed, eviscerate}
rCold   . . .      Faith    .   (shield currently unavailable)
rNeg    . . .      Spirit   .   b - +0 scale mail
rPois   .          Reflect  .   (helmet restricted)
rElec   .          Harm     .   (no cloak)
rCorr   +          Rampage  .   (no gloves)
Will    .....      NoTele   +   (no boots)
Stlth   ++........              l - amulet of invisibility {+Inv}
HPRegen 0.26/turn               f - ring of Due Proportion {rCorr Int+4 Dex+4}
MPRegen 0.11/turn               (no ring)

@: on berserk cooldown, hasted, very quick
A: horns 2, retaliatory headbutt
a: Renounce Religion, Evoke Invisibility, Berserk, Trog's Hand, Brothers in Arms


You were in the Dungeon.
You worshipped Trog.
Trog was exalted by your worship.
You visited 1 branch You collected 202 gold pieces.
You spent 85 gold pieces at shops.

Inventory:

Hand Weapons
 a - a +0 war axe
 i - the +5 scythe "Finisher" (weapon) {speed, eviscerate}
   (You found it in the Dungeon)

   Attacks with this weapon are significantly faster.
   It may eviscerate those it strikes, slaying them instantly, with a decreasing
   chance against stronger foes.
Armour
 b - a +0 scale mail (worn)
 c - a +0 buckler
Jewellery
 f - the ring of Due Proportion (left hand) {rCorr Int+4 Dex+4}
   (You bought it in a shop in the Dungeon)

   [ring of resist corrosion]

   Int:       It affects your intelligence (+4).
   Dex:       It affects your dexterity (+4).
   rCorr:     It protects you from acid and corrosion.
 l - the amulet of invisibility (around neck) {+Inv}
   (You found it in the Dungeon)

   [amulet of nothing]

   +Inv:      It lets you turn invisible.
Scrolls
 j - a scroll of identify
 m - a scroll of blinking
Potions
 d - a potion of might
 g - 2 potions of haste
 h - 2 potions of magic
 k - a potion of lignification
 o - a potion of cancellation {unknown}
Miscellaneous
 n - a lightning rod (4/4)


   Skills:
 + Level 11.3 Fighting
 + Level 14.9(15.9) Axes
 + Level 8.9(13.0) Polearms
 + Level 13.4 Armour
 + Level 3.5 Dodging
 + Level 5.9 Stealth
 + Level 9.1 Shields
 + Level 9.3 Evocations


You had 9 spell levels left.
You didn't know any spells.
Your spell library was empty.

Dungeon Overview and Level Annotations

Branches:
Dungeon (1/1)

Altars:
Cheibriados
Dithmenos
Elyvilon
Gozag
Hepliaklqana
Kikubaaqudgha
Makhleb
Nemelex Xobeh
Okawaru
Qazlal
Ru
Sif Muna
Trog
Uskayaw
Vehumet
Wu Jian
Xom
Yredelemnul
Zin
The Shining One
Beogh
Jiyva
Lugonu

Shops:
D :[*(


Innate Abilities, Weirdness & Mutations

You have a pair of horns on your head.
You reflexively headbutt those who attack you in melee.


Message History

A spriggan rider comes into view. It is wielding a +0 spear.
A spriggan comes into view. It is wielding a +0 rapier.
Your Evocations skill increases to level 9!
You're still recovering from your berserk rage.
The spriggan rider shouts!
You slice the spriggan!!
You kill the spriggan!
Trog accepts your kill.
A spriggan comes into view. It is wielding a +0 rapier.
Your base Polearms skill increases to level 8!
You feel yourself speed up.
The spriggan rider hits you from afar with a +0 spear!!
The spriggan rider hits you with a +0 spear!
Things that are here:
a +0 rapier; a +0 robe; a spriggan corpse You miss the spriggan rider.
You closely miss the spriggan rider.
The spriggan rider hits you with a +0 spear.
You slice the spriggan rider!!
The spriggan rider is moderately wounded.
The spriggan rider hits you with a +0 spear!!
* * * LOW HITPOINT WARNING * * *
You hit the spriggan rider.
The spriggan rider is heavily wounded.
You slice the spriggan rider!!
You kill the hornet!
Trog accepts your kill.
The spriggan falls from its now dead mount.
The spriggan is heavily wounded.
You miss the spriggan.
The spriggan is heavily wounded.
The spriggan hits you with a +0 spear!
* * * LOW HITPOINT WARNING * * *
You hit the spriggan.
The spriggan is heavily wounded.
You slash the spriggan!
You kill the spriggan!
Trog accepts your kill.
You feel better. The spriggan hits you with a +0 rapier!
You die...

####################
_.⌠.#.))...#....##∩#
._..'..#...#....'(:#
_...#..###'##..(##∩#
._..#..##∩∩.'...#### .
_.⌠.############# ##...
#########.....(###.....♣
###.'..'.......'@i...♣
##:.#..#.......#######
###.##+##.P....# '...#
######## #####


You could see a spriggan.

Vanquished Creatures
  A spriggan druid (D)
  6 oklob plants (D)
  A demonic crawler (D)
  A queen bee (D)
  3 burning bushes (D)
  A hornet (D)
  2 wandering mushrooms (D)
  3 scorpions (D)
  4 killer bees (D)
  5 oklob saplings (D)
  4 spriggans (D)
  A river rat (D)
  A rat (D)
33 creatures vanquished.

Vanquished Creatures (others)
  A wandering mushroom (D)
  A ballistomycete spore (D)
  A fungus (D)
3 creatures vanquished.

Grand Total: 36 creatures vanquished

Notes
Turn   | Place    | Note
-------+----------+-------------------------------------------
     0 | D        | boopmooplesden the Minotaur Fighter began the quest for the
                  | Orb.
     0 | D        | Reached XP level 1. HP: 19/19 MP: 0/0
    10 | D        | Reached XP level 2. HP: 2/28 MP: 1/1
   296 | D        | Noticed a scorpion
   296 | D        | Found the amulet of invisibility {+Inv}
   304 | D        | Killed a scorpion
   305 | D        | Reached skill level 4 in Axes
   305 | D        | Reached skill level 1 in Dodging
   305 | D        | Reached XP level 3. HP: 21/37 MP: 2/2
   305 | D        | Reached XP level 4. HP: 25/44 MP: 3/3
   493 | D        | Found an opulent altar of Gozag.
   493 | D        | Found a hazy altar of Hepliaklqana.
   493 | D        | Found a snail-covered altar of Cheibriados.
   496 | D        | Found a viscous altar of Jiyva.
   496 | D        | Found a burning altar of Makhleb.
   496 | D        | Found a sparkling altar of Nemelex Xobeh.
   496 | D        | Found a sacrificial altar of Ru.
   496 | D        | Found a shimmering blue altar of Sif Muna.
   496 | D        | Found a bloodstained altar of Trog.
   496 | D        | Found an ornate altar of the Wu Jian Council.
   496 | D        | Found a shimmering altar of Xom.
   496 | D        | Found a basalt altar of Yredelemnul.
   497 | D        | Found an iron altar of Okawaru.
   497 | D        | Found a shadowy altar of Dithmenos.
   497 | D        | Found a glowing silver altar of Zin.
   498 | D        | Found an ancient bone altar of Kikubaaqudgha.
   498 | D        | Found a hide-covered altar of Uskayaw.
   499 | D        | Found a stormy altar of Qazlal.
   499 | D        | Found a white marble altar of Elyvilon.
   499 | D        | Found a glowing golden altar of the Shining One.
   500 | D        | Found a corrupted altar of Lugonu.
   500 | D        | Found a radiant altar of Vehumet.
   511 | D        | Reached skill level 5 in Axes
   511 | D        | Reached skill level 1 in Evocations
   511 | D        | Reached XP level 5. HP: 30/52 MP: 2/4
   514 | D        | Became a worshipper of Trog the Wrathful
   823 | D        | Reached * piety under Trog
   824 | D        | Reached skill level 6 in Axes
   824 | D        | Reached skill level 1 in Stealth
   826 | D        | Reached XP level 6. HP: 4/60 MP: 5/5
  1206 | D        | Found Calioh's Armour Shop.
  1206 | D        | Found Jooczu's Book Emporium.
  1313 | D        | Noticed a burning bush
  1313 | D        | Noticed a wandering mushroom
  1314 | D        | Noticed a wandering mushroom
  1319 | D        | Reached skill level 7 in Axes
  1321 | D        | Killed a wandering mushroom
  1321 | D        | Reached ** piety under Trog
  1322 | D        | Reached skill level 8 in Axes
  1322 | D        | Reached skill level 10 in Armour
  2061 | D        | Killed a burning bush
  2062 | D        | Reached skill level 9 in Axes
  2062 | D        | Reached XP level 7. HP: 68/69 MP: 6/6
  2065 | D        | Found Fojet's Antique Weapon Emporium.
  2065 | D        | Found Ogazaa's Assorted Antiques.
  2161 | D        | Bought a sparkling marble ring for 85 gold pieces
  2161 | D        | Identified the ring of Due Proportion {rCorr Int+4 Dex+4}
                  | (You bought it in a shop in the Dungeon)
  2204 | D        | Noticed a queen bee
  2211 | D        | Reached skill level 10 in Axes
  2213 | D        | Reached *** piety under Trog
  2221 | D        | Killed a queen bee
  2222 | D        | Reached skill level 11 in Axes
  2222 | D        | Reached skill level 5 in Evocations
  2222 | D        | Reached XP level 8. HP: 73/78 MP: 5/7
  2238 | D        | Noticed an oklob plant
  2252 | D        | Killed an oklob plant
  2253 | D        | Reached skill level 10 in Fighting
  2253 | D        | Reached skill level 12 in Axes
  2288 | D        | Found the +5 scythe "Finisher" {speed, eviscerate}
  2289 | D        | Noticed a burning bush
  2300 | D        | Killed a burning bush
  2300 | D        | Reached **** piety under Trog
  2440 | D        | Noticed a burning bush
  2440 | D        | Noticed an oklob plant
  2441 | D        | Noticed a wandering mushroom
  2445 | D        | Killed a burning bush
  2446 | D        | Reached skill level 13 in Axes
  2451 | D        | Killed an oklob plant
  2452 | D        | Reached skill level 1 in Polearms
  2452 | D        | Reached XP level 9. HP: 86/86 MP: 6/8
  2453 | D        | Killed a wandering mushroom
  2457 | D        | Reached skill level 14 in Axes
  2608 | D        | Noticed a spriggan druid
  2619 | D        | Killed a spriggan druid
  2620 | D        | Reached skill level 5 in Stealth
  2941 | D        | Noticed an oklob plant conjurer
  2948 | D        | Killed an oklob plant conjurer
  2948 | D        | Reached ***** piety under Trog
  3264 | D        | Noticed an oklob plant
  3264 | D        | Noticed an oklob plant summoner
  3265 | D        | Noticed an oklob plant shifter
  3272 | D        | Killed an oklob plant summoner
  3273 | D        | Reached skill level 5 in Polearms
  3275 | D        | Killed an oklob plant
  3276 | D        | Reached XP level 10. HP: 95/95 MP: 7/9
  3289 | D        | Killed an oklob plant shifter
  3311 | D        | Noticed a spriggan rider
  3320 | D        | HP: 4/96 [spriggan/+0 spear (12)]
  3322 | D        | Reached ****** piety under Trog
  3323 | D        | Slain by a spriggan

Illustrated notes

Levels and vault maps discovered:
D:        dungeon_sprint_fedhas [sprint_temple]

Skill      XL: |  1  2  3  4  5  6  7  8  9 10 |
---------------+-------------------------------+-----
Fighting       | 4 6 7 8 9 10 11 | 11.3
Armour         | 4 6 7 9 11 12 13 | 13.4
Shields        | 4 6 7 8 9 |  9.1
Axes           | 4 5 6 9 11 13 14 | 14.9
Dodging        | 1 2 3 |  3.5
Evocations     | 1 2 4 5 7 8 9 |  9.3
Stealth        | 1 2 3 4 5 |  5.9
Polearms       | 1 6 8 |  8.9

Action                   |  1- 3 |  4- 6 |  7- 9 | 10-12 || total
-------------------------+-------+-------+-------+-------++-------
Melee: War axe           |    12 |    39 |    31 |       ||    82
       Headbutt          |     1 |    12 |    17 |     4 ||    34
       Scythe            |       |       |    24 |    18 ||    42
Invok: Berserk           |       |     1 |     5 |       ||     6
 Abil: Evoke Invisibilit |       |     3 |     8 |       ||    11
  Use: Scroll            |     1 |       |     1 |       ||     2
       Potion            |       |     2 |       |     2 ||     4
 Stab: Invisible         |       |     2 |     5 |     1 ||     8
       Sleeping          |       |       |       |     1 ||     1
Armor: Scale mail        |     3 |     3 |     4 |     1 ||    11
Dodge: Dodged            |     6 |     4 |    12 |     3 ||    25
Block: Buckler           |     4 |     2 |     1 |       ||     7
